 Dungeon Crawl Stone Soup version 0.29.1-1-gd02db6906a (webtiles) character file.

Game seed: 11395485875891973798

60 Ijustatesigmund the Trooper (level 4, -2/30 HPs)
             Began as a Gargoyle Fighter on Sept 22, 2022.
             Slain by a kobold
             ... wielding a +0 short sword
              (4 damage)
             ... on level 2 of the Dungeon.
             The game lasted 00:01:19 (1044 turns).

Ijustatesigmund the Trooper (Gargoyle Fighter)      Turns: 1044, Time: 00:01:19

Health: -2/30      AC: 10    Str: 22    XL:     4   Next: 4%
Magic:  4/4        EV:  9    Int:  8    God:
Gold:   101        SH:  4    Dex:  9    Spells: 3/3 levels left

rFire   . . .      SeeInvis .   a - +0 flail
rCold   . . .      Faith    .   c - +0 buckler
rNeg    + . .      Spirit   .   b - +0 scale mail
rPois   ∞          Reflect  .   (no helmet)
rElec   +          Harm     .   (no cloak)
rCorr   .          Rampage  .   (no gloves)
Will    .....                   (no boots)
Stlth   ..........              (no amulet)
HPRegen 0.10/turn               (no ring)
MPRegen 0.09/turn               (no ring)

@: mighty
A: sickness immunity, AC +3, negative energy resistance 1, electricity
resistance, torment resistance 1, petrification resistance
a: no special abilities


You were on level 2 of the Dungeon.
You visited 1 branch of the dungeon, and saw 2 of its levels.

You collected 101 gold pieces.

Inventory:

Hand Weapons
 a - a +0 flail (weapon)
Armour
 b - a +0 scale mail (worn)
 c - a +0 buckler (worn)
Scrolls
 e - 2 scrolls of identify {unknown}
 f - a scroll of noise {unknown}
 g - a scroll of enchant weapon {unknown}
 h - a scroll of fear {unknown}
Potions
 d - a potion of might


   Skills:
 + Level 4.4 Fighting
 + Level 3.2 Maces & Flails
 - Level 3.2 Armour
 - Level 3.2 Shields


You had 3 spell levels left.
You didn't know any spells.
Your spell library was empty.

Dungeon Overview and Level Annotations

Branches:
Dungeon (1/15)

Altars:

Shops:
D:2 [(


Innate Abilities, Weirdness & Mutations

You are immune to sickness and miasma.
Your stone body is resilient. (AC +3)
You are immune to poison.
You resist negative energy. (rN+)
You are resistant to electric shocks. (rElec)
You are resistant to unholy torment.
You are immune to petrification.


Message History

You barely miss the adder.
The adder is almost dead.
The bat barely misses you. The bat hits you but does no damage. x2
The kobold hits you but does no damage. The kobold closely misses you.
The adder closely misses you. The bat hits you but does no damage.
You closely miss the adder.
The adder is severely wounded.
The bat hits you. You block the adder's attack.
The kobold hits you but does no damage. x2; The adder completely misses you.
You block the bat's attack. The kobold hits you with a +0 club.
The kobold completely misses you.
You miss the adder.
The adder is severely wounded.
The bat barely misses you. The adder closely misses you.
The kobold hits you with a +0 club.
* * * LOW HITPOINT WARNING * * *
The kobold closely misses you. You block the adder's attack.
You feel very mighty all of a sudden. The bat hits you but does no damage.
The kobold closely misses you. The kobold hits you but does no damage.
You block the adder's attack.
You barely miss the adder.
The adder is severely wounded.
You block the bat's attack. The adder bites you but does no damage.
You block the kobold's attack.
The kobold hits you with a +0 short sword.
* * * LOW HITPOINT WARNING * * *
The adder closely misses you.
You sock the adder!
You kill the adder!
The bat hits you but does no damage. x2
The kobold hits you but does no damage. x2
You have reached level 4!
You feel stronger.
You sock the bat!
You kill the bat!
The kobold closely misses you.
The kobold hits you but does no damage. x2
You block the kobold's attack.
You closely miss the kobold. The kobold misses you.
The kobold hits you with a +0 short sword.
You die...

#...######....∩###.#
##........#.....#....
+.........#.......#..
.
##....#.#.#......##..
..
##....∩..####.##....
...###.###.### #.#
.... .......##..##
#.##.... #.(..(....#
..# ##+# #...K@....#
#.. #?..†K.......##..
#....#.....####..
#....#.......
!.....#...>....
#.....##........
#..... #........
#..... ####...


You could see 2 kobolds.

Vanquished Creatures
  An adder (D:2)
  A worm (D:2)
  2 dart slugs
  5 bats
  An endoplasm (D:2)
  3 giant cockroaches (D:1)
  2 goblins (D:1)
  4 hobgoblins
  7 jackals
  5 quokkas
  A frilled lizard (D:2)
  3 kobolds
  3 rats
38 creatures vanquished.

Notes
Turn   | Place    | Note
-------+----------+-------------------------------------------
     0 | D:1      | Ijustatesigmund the Gargoyle Fighter began the quest for
                  | the Orb.
     0 | D:1      | Reached XP level 1. HP: 14/14 MP: 1/1
     6 | D:1      | Noticed a polar bear
     6 | D:1      | Noticed a wyvern
     7 | D:1      | Noticed a snapping turtle
   123 | D:1      | Reached XP level 2. HP: 19/19 MP: 2/2
   366 | D:1      | Reached XP level 3. HP: 23/24 MP: 3/3
   467 | D:1      | Reached skill level 4 in Fighting
   593 | D:1      | You fall into a shaft and drop 1 floor!
   593 | D:2      | Found Kucseh's Antique Weapon Shop.
   973 | D:2      | Found Nit Imas's Armour Shop.
  1041 | D:2      | HP: 1/24 [kobold/+0 short sword (3)]
  1043 | D:2      | Reached XP level 4. HP: 2/30 MP: 4/4
  1044 | D:2      | Slain by a kobold

Illustrated notes

Levels and vault maps discovered:
D:1:      onia_arrival_zoo_common, layout_basic,
          shapermc_ecumenical_altar_notcrosses, amcnicky_mini_pool_small,
          roderic_serpentine_path, dreamdust_princess_corridor,
          skrybe_limestone_x
D:2:      layout_basic, serial_shops, shop_coins, shop, shop,
          nicolae_shop_crystal, nicolae_shop_hallway_plus

Skill      XL: |  1  2  3 |
---------------+----------+-----
Fighting       | 4 |  4.4
Maces & Flails | 3 |  3.2
Armour         | |  3.2
Shields        | |  3.2

Action                   |  1- 3 |  4- 6 || total
-------------------------+-------+-------++-------
Melee: Flail             |   161 |     2 ||   163
  Use: Potion            |     1 |       ||     1
Armor: Scale mail        |   142 |     2 ||   144
Dodge: Dodged            |   129 |     2 ||   131
Block: Buckler           |    61 |     1 ||    62
